Map: Catalyseur EC

Players

HoldTheDoor

  • Race: Protoss Protoss
  • League: Diamond
  • Spawn Location: 11:00

gKgPaladin - Winner!

  • Race: Terran Terran
  • League: Diamond
  • Spawn Location: 5:00

VOD

Have the link to the VOD?

Description

Time

  • Played on: July 7, 2018, 8:01 a.m.
  • Length: 5:49
Show
View Real Time Build Order
Export as new Build Order

HoldTheDoor Protoss 

Build Orders:  

Get SALT Encoding   

  12  0:01  Probe  
  13  0:13  Probe  
  14  0:19  Pylon  
  14  0:25  Probe  
  15  0:35  Probe  
  15  0:41  Gateway  
  16  0:44  Probe  
  16  0:46  Assimilator  
  17  0:52  Probe  
  17  0:55  Assimilator  
  18  1:04  Probe  
  19  1:16  Probe  
  20  1:24  Gateway  
  20  1:29  Cybernetics Core  
  20  1:35  Probe  
  21  1:44  Pylon  
  21  1:47  Probe  
  22  1:56  Warp Gate  
  22  1:59  Probe  
  23  2:08  Stalker  
  25  2:11  Stalker  
  25  2:15  Probe  
  28  2:20  Pylon  
  28  2:27  Probe  
  29  2:39  Probe  
  30  2:51  Stalker, Probe  
  32  2:52  Robotics Facility  
  33  3:00  Stalker  
  33  3:03  Probe  
  36  3:16  Probe, Pylon  
  37  3:29  Stargate  
  37  3:35  Probe  
  37  3:40  Immortal  
  42  3:48  Probe  
  43  4:02  Nexus  
  43  4:10  Shield Battery  
  43  4:11  Probe  
  44  4:19  Observer  
  45  4:28  Probe  
  46  4:31  Pylon  
  46  4:41  Probe  
  46  4:44  Pylon  
  47  4:49  Void Ray  
  47  4:51  Immortal  
  55  5:01  Pylon  
  55  5:02  Probe  
  56  5:09  Pylon  
  56  5:14  Stalker, Probe  
  56  5:18  Sentry  
  56  5:19  Probe  
  62  5:30  Gateway  
Show
View Real Time Build Order
Export as new Build Order

gKgPaladin Terran - Winner!

Build Orders: MMM Bio 

Get SALT Encoding   

  12  0:00  SCV  
  13  0:13  SCV  
  14  0:17  Supply Depot  
  14  0:25  SCV  
  15  0:39  SCV  
  16  0:43  Barracks  
  16  0:48  Refinery  
  16  0:51  SCV  
  18  1:04  SCV  
  18  1:07  Barracks  
  18  1:16  SCV  
  19  1:25  Barracks  
  19  1:50  Orbital Command  
  19  1:51  Marine  
  20  1:55  Barracks Tech Lab  
  20  1:59  Supply Depot  
  20  2:10  Barracks Tech Lab  
  20  2:12  Barracks Reactor  
  22  2:15  Marauder  
  22  2:21  Refinery  
  22  2:30  SCV  
  22  2:31  Marauder  
  25  2:39  Marauder  
  26  2:49  Marine x2  
  28  2:54  Marine  
  28  2:57  Stimpack  
  29  3:02  Marauder  
  31  3:06  Supply Depot  
  31  3:28  Marauder x2, Marine x2  
  31  3:30  Supply Depot  
  37  3:42  Combat Shields  
  37  3:46  SCV  
  37  3:47  Marine  
  39  3:51  Marine  
  40  3:58  Supply Depot  
  40  3:59  Marine  
  40  4:00  Marine  
  42  4:14  Marine  
  42  4:15  Marine  
  44  4:17  Marauder  
  44  4:20  Marauder  
  48  4:25  Supply Depot  
  48  4:34  Marine x2  
  50  4:39  Supply Depot  
  50  4:41  Marauder  
  52  4:48  Marauder  
  54  4:55  Marine x2  
  56  5:10  Engineering Bay  
  56  5:14  Marauder  
  58  5:16  Bunker  
  58  5:19  Marauder  
  60  5:27  Marine x2  
Tags
 
Composition
MMM Bio
Matchup
PvT
Spawn Locations
Cross Positions
Add a new tag
Caveats
  • Supply blocks, unpowered buildings, or Contaminate may cause inaccurate times.
  • Supply counts are checked every 10 seconds.